 Dungeon Crawl Stone Soup version 0.24.1-14-gf8d2b509d9 (webtiles) character file.

Game seed: 10174845756112653496, levelgen mode: deterministic

506 H0rd4k the Cutter (level 7, -3/51 HPs)
             Began as a Human Artificer on May 26, 2020.
             Shot with an arrow by a centaur (19 damage)
             ... on level 5 of the Dungeon.
             The game lasted 00:06:11 (4985 turns).

H0rd4k the Cutter (Human Artificer)                 Turns: 4985, Time: 00:06:12

Health: -3/51      AC:  0    Str: 15    XL:     7   Next: 41%
Magic:  9/9        EV: 13    Int: 11    God:
Gold:   186        SH:  0    Dex: 13    Spells: 6/6 levels left

rFire    . . .     SeeInvis .   i - +2 dagger (venom)
rCold    . . .     Gourm    .   (no shield)
rNeg     . . .     Faith    .   b - +0 leather armour
rPois    .         Spirit   .   (no helmet)
rElec    .         Reflect  .   (no cloak)
rCorr    .         Harm     .   o - +0 pair of gloves
MR       .....                  (no boots)
Stlth    ++........             (no amulet)
HPRegen  0.17/turn              (no ring)
MPRegen  0.11/turn              (no ring)

@: corroded, lightly drained
A: no striking features
a: no special abilities


You were on level 5 of the Dungeon.
You were not hungry.

You visited 2 branches of the dungeon, and saw 6 of its levels.

You collected 186 gold pieces.

Inventory:

Hand Weapons
 a - a +0 short sword
 i - a +2 dagger of venom (weapon)
Missiles
 t - 17 poisoned darts (quivered)
Armour
 b - a +0 leather armour (worn)
 o - a +0 pair of gloves (worn)
Jewellery
 g - a +3 ring of protection {unknown}
 u - an uncursed amulet of regeneration {unknown}
 x - an uncursed amulet of magic regeneration {unknown}
Wands
 c - a wand of flame (12)
 d - a wand of enslavement (15)
 e - a wand of random effects (15)
 q - a wand of paralysis (10)
Scrolls
 h - a scroll of blinking {unknown}
 m - 2 scrolls of enchant armour {unknown}
 n - 2 scrolls of enchant weapon {unknown}
 p - 3 scrolls of remove curse {unknown}
 s - 3 scrolls of identify {unknown}
 w - 2 scrolls of teleportation {unknown}
 y - a scroll of immolation {unknown}
 B - a scroll of magic mapping {unknown}
Potions
 j - a potion of might {unknown}
 k - 2 potions of heal wounds {unknown}
 l - 3 potions of curing {unknown}
 r - a potion of brilliance {unknown}
 v - 2 potions of agility
 z - a potion of berserk rage {unknown}
 A - a potion of resistance {unknown}
 C - a potion of magic {unknown}
 D - a potion of degeneration {unknown}
Comestibles
 f - 4 rations


   Skills:
 + Level 2.4(2.3) Fighting
 + Level 4.0(3.8) Short Blades
 + Level 3.1(2.9) Armour
 + Level 3.6(3.5) Dodging
 + Level 2.1(1.9) Stealth
 + Level 3.9(3.8) Evocations


You had 6 spell levels left.
You didn't know any spells.
Your spell library was empty.

Dungeon Overview and Level Annotations

Branches:
Dungeon (5/15)             Temple (1/1) D:4

Altars:
Ashenzari
Dithmenos
Elyvilon
Fedhas
Hepliaklqana
Makhleb
Nemelex Xobeh
Ru
Sif Muna
Trog
Uskayaw
Vehumet
Wu Jian
Xom
The Shining One

Annotations:
D:2 exclusion: downstairs
D:4 exclusion: downstairs
D:5 exclusion: ice beast


Message History

You see here an arrow.
The centaur unwields a +0 shortbow.
The centaur wields a +0 morningstar.
The centaur misses you.
You hit the centaur but do no damage.
The centaur is poisoned.
The centaur barely misses you.
You hit the centaur.
The centaur looks as sick as possible!
The centaur is lightly wounded.
The centaur misses you.
You hit the centaur.
The centaur is lightly wounded.
The centaur misses you.
You hit the centaur.
The centaur looks as sick as possible!
The centaur is moderately wounded.
The jelly hits you. The acid corrodes you!
You are splashed with acid!
The centaur hits you with a +0 morningstar.
There is an open door, spattered with blood here.
You see here an arrow.
The centaur unwields a +0 morningstar.
The centaur wields a +0 shortbow.
The centaur shoots an arrow.
The arrow hits you!!
You die...

#....S#.....#.#
####'####....#..
###.....###...'.#
.###.....###..#.#
..###.....###.#.#.
..##
...###.....####...
#.#
....###.Jc..###..#
#.#
#'#######(####..#
#..
..........@.....# #
#.#
#####....####### #
#.# ##.#### # #.#
#..# # #.######
#.## # <......# #.#
# #.####.####.# #
...###......######
###
....#######.##...##
#####..


You could see a centaur and a jelly.

Vanquished Creatures
  A scorpion (D:5)
  A crimson imp (D:5)
  A hound (D:3)
  An orc wizard (D:5)
  A gnoll shaman (D:4)
  2 bullfrog skeletons
  An iguana (D:4)
  A hound skeleton (D:4)
  4 gnolls (D:5)
  8 adders
  6 worms
  3 dart slugs
  2 leopard geckos
  12 orcs
  8 bats
  5 giant cockroaches
  8 goblins
  5 hobgoblins
  19 jackals
  4 kobolds
  3 quokkas
  A frilled lizard (D:1)
  9 rats
106 creatures vanquished.

Notes
Turn   | Place    | Note
-------+----------+-------------------------------------------
     0 | D:1      | H0rd4k the Human Artificer began the quest for the Orb.
     0 | D:1      | Reached XP level 1. HP: 15/15 MP: 3/3
   203 | D:1      | Reached XP level 2. HP: 19/21 MP: 4/4
   511 | D:1      | Reached XP level 3. HP: 26/26 MP: 5/5
   665 | D:1      | Found a shattered altar of Ashenzari.
  1156 | D:2      | Reached XP level 4. HP: 25/32 MP: 6/6
  1194 | D:2      | Reached skill level 2 in Short Blades
  1538 | D:2      | Reached skill level 1 in Armour
  2042 | D:3      | Found a radiant altar of Vehumet.
  2068 | D:3      | Found a shimmering altar of Xom.
  2069 | D:3      | Found a burning altar of Makhleb.
  2133 | D:3      | Paralysed by a crimson imp for 2 turns
  2342 | D:3      | Found a white marble altar of Elyvilon.
  2346 | D:3      | Reached XP level 5. HP: 28/37 MP: 7/7
  2776 | D:3      | Noticed a moth of wrath
  2779 | D:3      | Found a bloodstained altar of Trog.
  2834 | D:3      | Reached skill level 3 in Short Blades
  3579 | D:3      | Reached XP level 6. HP: 25/43 MP: 8/8
  4090 | D:4      | Found a staircase to the Ecumenical Temple.
  4115 | Temple   | Entered the Ecumenical Temple
  4505 | D:5      | Entered Level 5 of the Dungeon
  4594 | D:5      | Reached XP level 7. HP: 31/50 MP: 9/9
  4977 | D:5      | Reached skill level 4 in Short Blades
  4985 | D:5      | Shot with an arrow by a centaur

Levels and vault maps discovered:
D:1:      dpeg_arrival_shelter, layout_basic, ashenzari_altar_1
D:2:      minmay_chambers_of_ones, layout_basic
D:3:      layout_basic, elyvilon_altar_5, nicolae_overflow_crystal_walls,
          tgw_trog, grunt_temple_overflow_champion_of_chaos, first_ration
D:4:      layout_basic, minmay_temple_entry_mini_moons
D:5:      layout_loops_corners, minmay_quadrilaterals, uniq_prince_ribbit1
Temple:   zaba_magenta_temple

Skill      XL: |  1  2  3  4  5  6  7 |
---------------+----------------------+-----
Short Blades   | 2 3 4 |  4.0
Armour         | 1 2 3 |  3.1
Dodging        | 3 |  3.6
Fighting       | 2 |  2.4
Stealth        | 2 |  2.1
Evocations     | |  3.9

Action                   |  1- 3 |  4- 6 |  7- 9 || total
-------------------------+-------+-------+-------++-------
Melee: Short sword       |    18 |       |       ||    18
       Dagger            |    47 |   308 |    49 ||   404
Evoke: Wand              |       |     1 |     2 ||     3
 Stab: Sleeping          |     4 |     1 |       ||     5
  Eat: Chunk             |       |    11 |     2 ||    13
Armor: Leather armour    |    26 |    59 |     4 ||    89
Dodge: Dodged            |    47 |   176 |    35 ||   258
